 Dungeon Crawl Stone Soup version 0.22.0 (webtiles) character file.

13756 CyclopB the Martial Artist (level 12, -1/68 HPs)
             Began as an Octopode Transmuter on Dec 26, 2018.
             Was an Elder of Dithmenos.
             Slain by a wolf spider (5 damage)
             ... on level 3 of the Lair of Beasts.
             The game lasted 02:26:14 (18079 turns).

CyclopB the Martial Artist (Octopode Transmuter)   Turns: 18079, Time: 02:26:14

Health: -1/68      AC:  4    Str:  9    XL:     12   Next: 9%
Magic:  15/15      EV:  2    Int: 19    God:    Dithmenos [****..]
Gold:   747        SH:  0    Dex: 14    Spells: 5/15 levels left

rFire    . . .     SeeInvis .     - Unarmed
rCold    + . .     Gourm    .   (no shield)
rNeg     + + +     Faith    .   (helmet restricted)
rPois    ∞         Spirit   .   (no amulet)
rElec    .         Reflect  .   k - +1 ring of slaying
rCorr    .         Harm     .   n - +3 ring of protection
MR       .....                  p - ring of protection from cold
Stlth    ++++......             x - ring of positive energy
HPRegen  0.21/turn              m - +4 ring of slaying
MPRegen  0.14/turn              (no ring)
                                (no ring)
                                (no ring)

@: petrified, very slightly contaminated, wreathed by umbra
A: almost no armour, stealthy swim, amphibious, 8 rings, constrict 8, camouflage
1, gelatinous body 1
a: Shadow Step, Renounce Religion


You were on level 3 of the Lair of Beasts.
You worshipped Dithmenos.
Dithmenos was greatly pleased with you.
You were not hungry.

You visited 3 branches of the dungeon, and saw 13 of its levels.
You also visited: Bailey.

You collected 747 gold pieces.

Inventory:

Hand Weapons
 t - a +0 arbalest
Missiles
 a - 183 arrows
 g - 252 stones (quivered)
 w - 4 throwing nets
 y - 272 bolts
 C - 3 tomahawks
 I - 2 steel tomahawks
Magical Staves
 F - an uncursed staff of power
Jewellery
 k - a +1 ring of slaying (left tentacle)
 m - a +4 ring of slaying (on tentacle)
 n - a +3 ring of protection (right tentacle)
 p - a ring of protection from cold (on tentacle)
 x - a ring of positive energy (on tentacle)
Wands
 l - a wand of digging (6)
 s - a wand of random effects (53)
 G - a wand of enslavement (6)
 J - a wand of paralysis (14)
Scrolls
 e - a scroll of immolation
 f - 6 scrolls of identify
 h - 2 scrolls of fear {unknown}
 i - 4 scrolls of amnesia
 j - 4 scrolls of teleportation {unknown}
 o - 5 scrolls of remove curse
 q - a scroll of magic mapping {unknown}
 r - 3 scrolls of enchant armour
 z - a scroll of acquirement {unknown}
 D - a scroll of silence {unknown}
Potions
 b - a potion of brilliance {unknown}
 u - 3 potions of lignification {unknown}
 v - 4 potions of flight
 B - a potion of mutation {unknown}
 H - a potion of degeneration {unknown}
Comestibles
 c - 21 rations
 A - a chunk of flesh


   Skills:
 - Level 1.0 Fighting
 - Level 6.0 Dodging
 - Level 2.2 Stealth
 + Level 13.3 Unarmed Combat
 - Level 2.0 Spellcasting
 - Level 12.0 Transmutations
 - Level 2.0 Ice Magic
 - Level 2.0 Poison Magic


You had 5 spell levels left.
You knew the following spells:

 Your Spells              Type           Power        Failure   Level  Hunger
a - Beastly Appendage     Tmut           #####.       1%          1    #......
b - Sticks to Snakes      Tmut           #####...     1%          2    ###....
c - Spider Form           Tmut/Pois      ####......   2%          3    ###....
d - Ice Form              Ice/Tmut       ####....     10%         4    #####..

Your spell library contained the following spells:

 Spells                   Type           Power        Failure   Level  Hunger
 Magic Dart               Conj           #...         17%         1    #......
 Apportation              Tloc           #.....       17%         1    #......
 Conjure Flame            Conj/Fire      #.......     45%         3    ###....
 Lightning Bolt           Conj/Air       #.........   99%         5    ######.
 Slow                     Hex            #.......     26%         2    ###....
 Mephitic Cloud           Conj/Pois/Air  #.......     36%         3    ###....
 Ring of Flames           Chrm/Fire      #.........   100%        7    #######
 Venom Bolt               Conj/Pois      #.........   97%         5    ######.
 Olgreb's Toxic Radiance  Pois           #.......     58%         4    #####..
 Summon Small Mammal      Summ           #...         17%         1    #......
 Blink                    Tloc           N/A          26%         2    ###....
 Animate Skeleton         Necr           N/A          17%         1    #......
 Ozocubu's Armour         Chrm/Ice       #.......     32%         3    ###....
 Call Imp                 Summ           #.......     26%         2    ###....
 Sting                    Conj/Pois      #...         11%         1    #......
 Shock                    Conj/Air       #...         17%         1    #......
 Swiftness                Chrm/Air       #.......     26%         2    ###....
 Blade Hands              Tmut           #####.....   3%          5    ######.
 Deflect Missiles         Chrm/Air       #.........   100%        6    #######
 Airstrike                Air            #.........   86%         4    #####..
 Confusing Touch          Hex            #.....       17%         1    #......
 Static Discharge         Conj/Air       #.......     45%         3    ###....
 Infusion                 Chrm           #...         17%         1    #......
 Song of Slaying          Chrm           #.......     26%         2    ###....
 Poisonous Vapours        Pois/Air       #.....       17%         2    ###....


Dungeon Overview and Level Annotations

Branches:
Dungeon (9/15)             Temple (1/1) D:5            Lair (3/6) D:8
  Snake (0/4) Lair:2
  Swamp: Lair:2-4    Shoals: Lair:2-4       Orc: D:9-12

Altars:
Ashenzari
Dithmenos
Elyvilon
Fedhas
Gozag
Hepliaklqana
Kikubaaqudgha
Makhleb
Nemelex Xobeh
Okawaru
Qazlal
Ru
Sif Muna
Trog
Uskayaw
Vehumet
Wu Jian
Xom
Yredelemnul
Zin
The Shining One

Shops:
D:5 !


Innate Abilities, Weirdness & Mutations

You cannot wear most types of armour.
You are very stealthy in the water. (Stealth+)
You are amphibious.
You can wear up to eight rings at the same time.
You can use your tentacles to constrict eight enemies at once.
Your skin changes colour to match your surroundings (Stealth+).
Your rubbery body absorbs attacks. (AC +1, EV +1)


Message History

The wolf spider bites you.
* * * LOW HITPOINT WARNING * * *
The basilisk bites you but does no damage.
The adder bites you.
* * * LOW HITPOINT WARNING * * *
You warm up again.
The wolf spider hits you!
* * * LOW HITPOINT WARNING * * *
The wolf spider bites you but does no damage.
The adder bites the plant but does no damage.
The adder bites you but does no damage. The wolf spider hits you.
* * * LOW HITPOINT WARNING * * *
The wolf spider bites you but does no damage.
The basilisk bites you.
* * * LOW HITPOINT WARNING * * *
The adder bites the plant but does no damage.
The wolf spider hits you.
* * * LOW HITPOINT WARNING * * *
The wolf spider bites you!
You die...

.....................
.........................
.........................
.........................
.........................
........................#
....................>...#
...............SlPS.P.#
........##......@s##
###..#######.......#####
# #### #.........PP###
....
##............####....
###.............#....
##.................
#P................. ###
##.................
##.###..................


You could see a wolf spider (inner flame), a basilisk and 2 adders.

Vanquished Creatures
  An orc knight (Bailey)
  A wolf spider (Lair:3)
  2 black mambas
  6 spiny frogs
  5 komodo dragons
  5 hippogriffs
  A wyvern (Lair:2)
  7 yaks
  4 porcupines
  4 water moccasins
  Duvessa (D:6)
  A swamp drake (Lair:1)
  2 ice beasts
  14 orc warriors
  A sky beast (D:6)
  2 wolves
  6 ogres
  5 crocodiles
  9 bullfrogs
  Dowan (D:6)
  A scorpion (D:8)
  14 killer bees
  2 howler monkeys
  8 wights
  5 crimson imps
  A bullfrog zombie (D:5)
  2 hounds
  6 orc wizards
  3 gnoll shamans (D:3)
  4 orc priests (D:9)
  2 centaur skeletons
  2 bullfrog skeletons
  Natasha (twice) (D:3)
  2 iguanas
  3 worker ants
  A hound skeleton (D:5)
  44 gnolls
  17 adders
  6 river rats (D:6)
  A shadow imp (D:5)
  2 adder skeletons
  3 worms
  3 dart slugs
  7 leopard geckos
  35 orcs
  9 bats
  3 giant cockroaches
  3 goblins
  10 hobgoblins
  24 jackals
  10 quokkas
  2 ball pythons (D:1)
  3 frilled lizards
  8 kobolds
  A leopard gecko skeleton (D:7)
  A leopard gecko zombie (D:6)
  27 rats
  A plant (Lair:1)
356 creatures vanquished.

Vanquished Creatures (collateral kills)
  An orc warrior (Bailey)
  2 ogres
  A wolf (Lair:1)
  A scorpion (D:5)
  A hound (D:4)
  A bullfrog skeleton (D:9)
  Crazy Yiuf (D:5)
  A rat (D:6)
9 creatures vanquished.

Vanquished Creatures (others)
  12 fungi (Lair:3)
  29 plants
41 creatures vanquished.

Grand Total: 406 creatures vanquished

Notes
Turn   | Place    | Note
-------+----------+-------------------------------------------
     0 | D:1      | CyclopB the Octopode Transmuter began the quest for the Orb.
     0 | D:1      | Reached XP level 1. HP: 13/13 MP: 3/3
   124 | D:1      | Reached XP level 2. HP: 17/18 MP: 5/5
   128 | D:1      | Learned a level 2 spell: Sticks to Snakes
   752 | D:1      | Reached XP level 3. HP: 13/23 MP: 4/6
  1247 | D:2      | Found an opulent altar of Gozag.
  1339 | D:2      | Found a hide-covered altar of Uskayaw.
  1613 | D:3      | Reached XP level 4. HP: 23/28 MP: 5/7
  2231 | D:3      | Reached skill level 5 in Transmutations
  2242 | D:3      | Reached XP level 5. HP: 33/33 MP: 8/8
  2513 | D:3      | Noticed an ogre
  2780 | D:4      | Reached skill level 4 in Unarmed Combat
  3050 | D:4      | Found a hazy altar of Hepliaklqana.
  3051 | D:4      | You fall through a shaft for 2 floors!
  3058 | D:6      | Reached skill level 1 in Stealth
  3058 | D:6      | Reached XP level 6. HP: 36/38 MP: 7/9
  3437 | D:6      | Noticed an orc warrior
  3438 | D:6      | Noticed an ice beast
  3488 | D:6      | Reached skill level 5 in Unarmed Combat
  3610 | D:5      | Entered Level 5 of the Dungeon
  3659 | D:6      | Noticed a sky beast
  3725 | D:5      | Reached XP level 7. HP: 36/43 MP: 8/10
  3816 | D:5      | Found a staircase to the Ecumenical Temple.
  3832 | Temple   | Entered the Ecumenical Temple
  4027 | Temple   | Became a worshipper of Dithmenos the Shadowed
  4479 | D:4      | Found a shimmering altar of Xom.
  5580 | D:3      | Learned a level 3 spell: Spider Form
  5794 | D:3      | Reached XP level 8. HP: 41/48 MP: 11/11
  5860 | D:3      | Noticed Natasha
  5869 | D:3      | Killed Natasha
  5900 | D:3      | Noticed Natasha
  5938 | D:3      | Killed Natasha
  6289 | D:3      | Reached skill level 1 in Poison Magic
  6426 | D:3      | Reached * piety under Dithmenos
  6478 | D:3      | Reached skill level 6 in Unarmed Combat
  7202 | D:5      | Reached skill level 7 in Unarmed Combat
  7314 | D:5      | Found Paup's Distillery.
  7630 | D:5      | Found a runed door.
  7823 | D:5      | Found a bloodstained altar of Trog.
  7960 | D:5      | Noticed Crazy Yiuf
  7967 | D:5      | Killed Crazy Yiuf
  8054 | D:6      | Noticed Dowan
  8065 | D:6      | Reached skill level 8 in Unarmed Combat
  8128 | D:6      | Noticed Duvessa
  8138 | D:6      | Killed Duvessa
  8138 | D:6      | Reached XP level 9. HP: 53/53 MP: 5/12
  8143 | D:6      | Killed Dowan
  8275 | D:6      | Found a deep blue altar of Sif Muna.
  8546 | D:6      | Reached skill level 9 in Unarmed Combat
  8612 | D:6      | Reached ** piety under Dithmenos
  8880 | D:7      | Reached skill level 10 in Unarmed Combat
  9376 | D:7      | Found a flagged portal.
  9383 | Bailey   | Entered a bailey
 10095 | Bailey   | Reached skill level 11 in Unarmed Combat
 10979 | Bailey   | Reached XP level 10. HP: 44/58 MP: 10/13
 11186 | Bailey   | Identified Nost's Volume of Floating Boosts
 11190 | Bailey   | Found a roughly hewn altar of Beogh.
 11190 | Bailey   | Noticed an orc knight
 11550 | Bailey   | Killed an orc knight
 11550 | Bailey   | Reached skill level 5 in Dodging
 12027 | D:7      | Noticed a moth of wrath
 12030 | D:7      | Found a bloodstained altar of Trog.
 12124 | D:7      | Noticed a two-headed ogre
 12242 | D:7      | Reached *** piety under Dithmenos
 12753 | D:8      | Learned a level 4 spell: Ice Form
 12946 | D:8      | Reached skill level 1 in Ice Magic
 13163 | D:8      | Reached skill level 10 in Transmutations
 13224 | D:8      | Found an ornate altar of the Wu Jian Council.
 13330 | D:8      | Found a staircase to the Lair.
 13664 | Lair:1   | Entered Level 1 of the Lair of Beasts
 13774 | Lair:1   | Noticed a spiny frog
 13805 | D:8      | Reached XP level 11. HP: 34/63 MP: 14/14
 13950 | D:9      | Found an iron altar of Okawaru.
 14174 | D:9      | Found Zin's Purification Station.
 14191 | D:9      | Found a glowing silver altar of Zin.
 14228 | D:9      | Reached **** piety under Dithmenos
 16181 | Lair:2   | Found a staircase to the Snake Pit.
 16236 | Lair:2   | Reached skill level 12 in Unarmed Combat
 16802 | Lair:3   | Noticed a six-headed hydra
 17482 | Lair:3   | Reached skill level 13 in Unarmed Combat
 17482 | Lair:3   | Reached XP level 12. HP: 32/68 MP: 13/15
 17564 | Lair:3   | HP: 4/81 [wolf spider (12)]
 17703 | Lair:3   | HP: 4/81 [poisoned by a black mamba]
 17711 | Lair:3   | HP: 4/81 [poisoned by a black mamba]
 18079 | Lair:3   | Slain by a wolf spider

Skill      XL: |  1  2  3  4  5  6  7  8  9 10 11 |
---------------+----------------------------------+-----
Transmutations | 3 4 5 7 8 10 12 | 12.0
Unarmed Combat | 4 5 8 11 13 | 13.3
Stealth        | 1 2 |  2.2
Poison Magic   | 2 |  2.0
Dodging        | 3 5 6 |  6.0
Ice Magic      | 1 2 |  2.0
Fighting       | |  1.0
Spellcasting   | |  2.0

Action                   |  1- 3 |  4- 6 |  7- 9 | 10-12 || total
-------------------------+-------+-------+-------+-------++-------
Melee: Unarmed           |    82 |   143 |   366 |   359 ||   950
       Constrict         |    27 |    37 |    66 |    28 ||   158
       Kick              |    21 |    35 |    59 |    27 ||   142
       Tentacles         |    12 |    32 |    41 |    21 ||   106
       Punch             |       |     5 |    11 |     6 ||    22
 Fire: Arbalest          |       |       |       |    14 ||    14
Throw: Stone             |    10 |    44 |   128 |    49 ||   231
       Tomahawk          |       |       |       |     1 ||     1
 Cast: Beastly Appendage |    20 |    24 |    53 |    23 ||   120
       Sticks to Snakes  |       |     7 |    32 |     5 ||    44
       Spider Form       |       |       |    21 |    15 ||    36
       Ice Form          |       |       |       |    23 ||    23
Invok: Shadow Step       |       |       |     1 |       ||     1
 Abil: End Transformatio |       |       |     2 |       ||     2
Evoke: Wand              |       |       |     1 |     3 ||     4
  Use: Scroll            |     1 |     3 |     4 |     5 ||    13
       Potion            |       |     3 |     5 |     4 ||    12
 Stab: Sleeping          |     7 |     1 |    11 |    17 ||    36
       Invisible         |       |     3 |       |       ||     3
       Distracted        |       |       |     4 |       ||     4
  Eat: Chunk             |     3 |     7 |    24 |    24 ||    58
       Ration            |       |       |     1 |     2 ||     3
Armor: Skin              |     6 |    26 |    27 |    46 ||   105
Dodge: Dodged            |    38 |    97 |   250 |   207 ||   592
